 Dungeon Sprint DCSS version 0.16.1-28-gcc2312f (webtiles) character file.

77 Kidiri the Magician (level 4, -1/24 HPs)
             Began as a Deep Elf Fire Elementalist on May 28, 2015.
             Was a Follower of Sif Muna.
             Killed by divine providence
             ... invoked by an orc priest
              (16 damage)
             ... in the Dungeon (Sprint VII: "The Pits").
             The game lasted 00:03:25 (439 turns).

Kidiri the Magician (Deep Elf Fire Elementalist)     Turns: 439, Time: 00:03:25

Health: -1/24      AC:  2    Str:  5    XL:     4   Next: 13%
Magic:  5/18       EV: 14    Int: 21    God:    Sif Muna [*.....]
Gold:   0          SH:  0    Dex: 15    Spells: 4 memorised, 6 levels left

rFire  . . .     SeeInvis .     m - staff of energy
rCold  . . .     Clarity  .     a - +0 robe
rNeg   . . .     SustAb   .     (no shield)
rPois  .         Gourm    .     (no helmet)
rElec  .         Spirit   .     (no cloak)
rCorr  .         Warding  .     (no gloves)
rMut   .         NoTele   +     (no boots)
MR     .....                    (no amulet)
Stlth  ++........               (no ring)
                                (no ring)

@: not resistant to hostile enchantments, unstealthy
A: no striking features
a: Channel Energy, Renounce Religion


You were in the Dungeon.
You worshipped Sif Muna.
Sif Muna was aware of your devotion.
You were not hungry.

You visited 1 branch

Inventory:

Armour
 a - a +0 robe (worn)
Magical staves
 m - an uncursed staff of energy (weapon)
Scrolls
 i - a scroll of blinking
 n - 3 scrolls of remove curse
 o - 5 scrolls of amnesia
 p - a scroll of summoning
 q - 2 scrolls of vulnerability
Potions
 d - 6 potions of curing
 e - 6 potions of heal wounds
 f - a potion of haste
 g - 4 potions of magic
 h - 3 potions of berserk rage
 l - 2 potions of invisibility
Books
 b - a book of Flames

   Spells                             Type                      Level
   a - Flame Tongue                   Conjuration/Fire             1
   b - Throw Flame                    Conjuration/Fire             2
   c - Conjure Flame                  Conjuration/Fire             3
   d - Inner Flame                    Hexes/Fire                   3
   e - Sticky Flame                   Conjuration/Fire             4
   f - Fireball                       Conjuration/Fire             5
Comestibles
 c - 8 bread rations
 j - 40 fruits
 k - 7 meat rations


   Skills:
 + Level 4.4 Dodging
 - Level 2.4 Stealth
 * Level 6.4 Spellcasting
 * Level 4.6 Conjurations
 * Level 5.7 Fire Magic


You had 6 spell levels left.
You knew the following spells:

 Your Spells              Type           Power        Failure   Level  Hunger
a - Flame Tongue          Conj/Fire      ####.        1%          1    None
b - Throw Flame           Conj/Fire      ####..       1%          2    None
c - Conjure Flame         Conj/Fire      ####....     3%          3    None
d - Inner Flame           Hex/Fire       ###.....     12%         3    None


Dungeon Overview and Level Annotations

Branches:
Dungeon (1/1)

Altars:
Ashenzari
Cheibriados
Dithmenos
Elyvilon
Fedhas
Kikubaaqudgha
Makhleb
Nemelex Xobeh
Okawaru
Ru
Sif Muna
Trog
Vehumet
Xom
Yredelemnul
Zin
The Shining One
Beogh
Jiyva
Lugonu


Message History

Confirm with . or Enter, or press ? or * to list all spells.
Aiming: Flame Tongue
Press: ? - help, Shift-Dir - straight line, f/p - orc priest
Aim: an orc priest (heavily wounded, inner flame)
The flame tongue hits the orc wizard.
The orc wizard is severely wounded.
Casting: Flame Tongue
Confirm with . or Enter, or press ? or * to list all spells.
Aiming: Flame Tongue
Press: ? - help, Shift-Dir - straight line, f/p - orc priest
Aim: an orc priest (heavily wounded, inner flame)
The flame tongue hits the orc wizard.
You kill the orc wizard!
Your Spellcasting skill increases to level 6!
You have reached level 4!
You feel clever.
The orc priest mumbles some strange prayers to Beogh against you.
Something smites you!
Ouch! That really hurt!
You die...

############ #__________#
#__________#
#.#####'##############++
#)))'o'..##............
#)))#o#.(##......#..#..
#######§#####............
#.......@.÷.'............
#'#####'#####......#..#..
#.#.)#.)#..##............
#.#..'..#))#####'#####++#
#.#..####))##.......#
#.#..#..#))##.......#
#.#..#..#[[##.......#
#.##'#†.#'###...<...#
#.#†.......##.......#


You could see an orc priest (inner flame) and an orc.

Vanquished Creatures
  An orc wizard (D)
  2 gnolls (D)
  2 river rats (D)
  An adder (D)
  An orc (D)
  A hobgoblin (D)
  A bat (D)
  A goblin (D)
  A quokka (D)
  2 rats (D)
13 creatures vanquished.

Notes
Turn   | Place    | Note
--------------------------------------------------------------
     0 | D        | Kidiri, the Deep Elf Fire Elementalist, began the quest for the Orb.
     0 | D        | Reached XP level 1. HP: 10/10 MP: 5/5
    17 | D        | Reached skill level 4 in Spellcasting
    17 | D        | Reached XP level 2. HP: 15/15 MP: 4/9
    25 | D        | Learned a level 2 spell: Throw Flame
    31 | D        | Found a sacrificial altar of Ru.
    31 | D        | Found a basalt altar of Yredelemnul.
    31 | D        | Found a shadowy altar of Dithmenos.
    31 | D        | Found a deep blue altar of Sif Muna.
    31 | D        | Found a burning altar of Makhleb.
    31 | D        | Found a shimmering altar of Xom.
    31 | D        | Found an ancient bone altar of Kikubaaqudgha.
    31 | D        | Found a sparkling altar of Nemelex Xobeh.
    32 | D        | Found a glowing golden altar of the Shining One.
    32 | D        | Found a bloodstained altar of Trog.
    32 | D        | Found a shattered altar of Ashenzari.
    32 | D        | Found a white marble altar of Elyvilon.
    32 | D        | Found a snail-covered altar of Cheibriados.
    32 | D        | Found a blossoming altar of Fedhas.
    32 | D        | Found a radiant altar of Vehumet.
    32 | D        | Found a glowing silver altar of Zin.
    32 | D        | Found a corrupted altar of Lugonu.
    32 | D        | Found a viscous altar of Jiyva.
    32 | D        | Found a roughly hewn altar of Beogh.
    32 | D        | Found an iron altar of Okawaru.
    35 | D        | Became a worshipper of Sif Muna the Loreminder
    87 | D        | Reached skill level 5 in Spellcasting
    87 | D        | Reached XP level 3. HP: 17/19 MP: 6/14
    92 | D        | Learned a level 3 spell: Conjure Flame
    96 | D        | Learned a level 3 spell: Inner Flame
   156 | D        | Reached skill level 5 in Fire Magic
   216 | D        | Noticed an orc priest
   218 | D        | Acquired Sif Muna's first power
   219 | D        | Noticed an orc wizard
   219 | D        | Noticed a gnoll shaman
   439 | D        | Killed an orc wizard
   439 | D        | Reached skill level 6 in Spellcasting
   439 | D        | Reached XP level 4. HP: 15/24 MP: 5/18
   439 | D        | Killed from afar by an orc priest

Action                   |  1- 3 |  4- 6 || total
-------------------------+-------+-------++-------
 Cast: Flame Tongue      |    18 |     1 ||    19
       Conjure Flame     |     3 |       ||     3
       Throw Flame       |     3 |       ||     3
       Inner Flame       |     2 |       ||     2
